 Dungeon Crawl Stone Soup version 0.31-a0-1-g4198be8af4 (webtiles) character file.

Game seed: 2935628602274759977

120 bmack86 the Covered (level 4, -5/41 HPs)
             Began as a Minotaur Fighter on May 1, 2023.
             Slain by a worm (7 damage)
             ... on level 3 of the Dungeon.
             The game lasted 00:03:45 (1483 turns).

bmack86 the Covered (Minotaur Fighter)              Turns: 1483, Time: 00:03:46

Health: -5/41      AC:  7    Str: 20 (22) XL:     4   Next: 75%
Magic:  3/3        EV:  9    Int:  3 (5)  God:
Gold:   109        SH:  5    Dex: 14 (16) Spells: 3/3 levels left

rFire   . . .        a - +1 war axe
rCold   . . .        c - +0 buckler
rNeg    . . .        b - +0 scale mail
rPois   .            (helmet restricted)
rElec   .            (no cloak)
rCorr   .            (no gloves)
SInv    .            (no boots)
Will    .....        l - amulet of the acrobat Stlth
                     q - +6 ring of dexterity
HPRegen 0.26/turn    (no ring)
MPRegen 0.08/turn

%: acrobat
@: no status effects
A: horns 2, retaliatory headbutt
a: no special abilities


You were on level 3 of the Dungeon.
You visited 1 branch of the dungeon, and saw 3 of its levels.

You collected 109 gold pieces.

Inventory:

Hand Weapons
 a - a +1 war axe (weapon)
Armour
 b - a +0 scale mail (worn)
 c - a +0 buckler (worn)
Jewellery
 l - an amulet of the acrobat (around neck)
 q - a +6 ring of dexterity (left hand)
Scrolls
 f - a scroll of enchant weapon
 h - 2 scrolls of noise
 j - a scroll of vulnerability
 p - a scroll of magic mapping {unknown}
Potions
 d - a potion of might
 e - a potion of haste
 i - 3 potions of curing
 o - 2 potions of magic


   Skills:
 + Level 4.3 Fighting
 * Level 4.2 Axes
 + Level 4.4 Armour
 + Level 4.4 Shields


You had 3 spell levels left.
You didn't know any spells.
Your spell library contained the following spells:

 Spells                   Type           Power      Damage    Failure   Level
 Sting                    Tmut/Pois      0%         1d3       90%         1
 Ensorcelled Hibernation  Hex/Ice        0%         N/A       97%         2
 Passwall                 Tmut/Erth      0%         N/A       97%         2
 Swiftness                Air            0%         N/A       99%         3


Dungeon Overview and Level Annotations

Branches:
Dungeon (3/15)

Altars:


Innate Abilities, Weirdness & Mutations

You have a pair of horns on your head.
You reflexively headbutt those who attack you in melee.


Message History

You slash Ijyb!
Ijyb is moderately wounded.
You hit the kobold but do no damage. Ijyb hits you but does no damage.
The kobold hits you with a +0 dagger. Ijyb barely misses you.
You block the kobold's attack.
You closely miss Ijyb.
Ijyb is moderately wounded.
You barely miss the kobold. Ijyb barely misses you.
Ijyb zaps a wand.
The puff of flame hits you. The kobold hits you but does no damage.
You slash Ijyb!
Ijyb is severely wounded.
You closely miss the kobold. Ijyb closely misses you.
The kobold hits you but does no damage.
Ijyb zaps a wand.
The puff of flame hits you.
* * * LOW HITPOINT WARNING * * *
You barely miss Ijyb.
Ijyb is severely wounded.
You completely miss the kobold. The kobold closely misses you.
You block Ijyb's attack.
You closely miss Ijyb. You headbutt Ijyb, but do no damage.
Ijyb is severely wounded.
You closely miss the kobold. You barely miss the worm.
The kobold hits you with a +0 dagger.
* * * LOW HITPOINT WARNING * * *
Ijyb completely misses you. You furiously retaliate!
You headbutt Ijyb.
Ijyb zaps a wand.
The puff of flame misses you. The kobold barely misses you. The worm bites you.
* * * LOW HITPOINT WARNING * * *
You slash Ijyb!
You kill Ijyb!
You hit the kobold but do no damage. You hit the worm.
You hear the slow rusting of a distant drain.
The kobold hits you with a +0 dagger.
* * * LOW HITPOINT WARNING * * *
It was a potion of degeneration.
There was something very wrong with that liquid.
You feel weakened.
You feel dopey.
You feel clumsy.
You feel your willpower return. The kobold hits you but does no damage.
The worm bites you!
You die...

#....# #.#..#
###....# ..
....#.# . ..
#.##># ..##.
#######..####.....
..>.. ....
............
##..##.###
.####...†)
#...w@...# #.#
#.##.# ##....)K..#
..# #..##.#
#.........# ..#
#.###.#
#..........##..#
#. #.#
#.#...(...).#..#
#. #.# #
#............# ..
#.#
..........#)..# .#
#.#
............#....#
.....##.....#.#..#


You could see a worm and a kobold.

Vanquished Creatures
  Ijyb (D:3)
  An adder (D:2)
  A worm (D:2)
  2 dart slugs
  An orc (D:3)
  2 ball pythons
  A bat (D:2)
  9 endoplasms
  3 giant cockroaches
  11 goblins
  6 hobgoblins
  7 jackals (D:1)
  3 quokkas
  4 frilled lizards (D:1)
  7 kobolds
  8 rats
67 creatures vanquished.

Notes
Turn   | Place    | Note
-------+----------+-------------------------------------------
     0 | D:1      | bmack86 the Minotaur Fighter began the quest for the Orb.
     0 | D:1      | Reached XP level 1. HP: 19/19 MP: 0/0
   104 | D:1      | Reached XP level 2. HP: 27/27 MP: 1/1
   176 | D:1      | Reached XP level 3. HP: 27/33 MP: 2/2
   781 | D:2      | Found a faded altar of an unknown god.
   799 | D:2      | Got Plato's Atlas of Nasty Sculpting
   997 | D:2      | Reached XP level 4. HP: 40/40 MP: 3/3
  1466 | D:3      | Noticed Ijyb
  1482 | D:3      | Killed Ijyb
  1482 | D:3      | HP: 2/40 [kobold/+0 dagger (2)]
  1483 | D:3      | Slain by a worm

Illustrated notes

Levels and vault maps discovered:
D:1:      ncdulo_smallfort, layout_basic
D:2:      cheibrodos_greedy_goblins, layout_basic,
          shapermc_ecumenical_altar_rom_forum
D:3:      layout_rooms, gammafunk_temple_overflow_elements,
          cheibrodos_sewer_entry_drain, uniq_ijyb

Skill      XL: |  1  2  3  4 |
---------------+-------------+-----
Axes           | 3 4 |  4.2
Fighting       | 4 |  4.3
Shields        | 4 |  4.4
Armour         | 4 |  4.4

Action                     |  1- 3 |  4- 6 || total
---------------------------+-------+-------++-------
  Melee: War axe           |    75 |    31 ||   106
         Headbutt          |     5 |     2 ||     7
    Use: Scroll            |     1 |     7 ||     8
         Potion            |       |     1 ||     1
 Armour: Scale mail        |    42 |    14 ||    56
  Dodge: Dodged            |    49 |    24 ||    73
  Block: Buckler           |    24 |    10 ||    34

Table legend: (Time is in decaauts)
 A = Elapsed time spent in this place.
 B = Non-inter-level travel time spent in this place.
 C = Inter-level travel time spent in this place.
 D = Time resting spent in this place.
 E = Time spent auto-exploring this place.
 F = Levels seen in this place.
 G = Mean time per level.
                   A        B        C        D        E       F      G
               +--------+--------+--------+--------+--------+-----+--------+
         Total |   1520 |   1459 |     61 |      0 |   1009 |   3 |  506.7 |
       Dungeon |   1520 |   1459 |     61 |      0 |   1009 |   3 |  506.7 |
               +--------+--------+--------+--------+--------+-----+--------+

Top non-repeatable levels by time:
     D:2: 815 daAuts
     D:1: 653 daAuts
     D:3: 50 daAuts
